 Dungeon Crawl Stone Soup version 0.28.0-53-g5a82cb258f (webtiles) character file.

Game seed: 1172846346681517248

14 Sin92 the Skirmisher (level 2, -13/24 HPs)
             Began as a Demonspawn Fighter on July 28, 2022.
             Killed by an exploding bat (20 damage)
             ... ignited by their inner flame
             ... on level 1 of the Dungeon.
             The game lasted 00:00:34 (300 turns).

Sin92 the Skirmisher (Demonspawn Fighter)            Turns: 300, Time: 00:00:35

Health: -13/24     AC:  6    Str: 16    XL:     2   Next: 31%
Magic:  2/2        EV:  8    Int:  9    God:
Gold:   40         SH:  4    Dex: 12    Spells: 1/1 levels left

rFire   . . .      SeeInvis .   a - +0 war axe
rCold   . . .      Faith    .   c - +0 buckler
rNeg    . . .      Spirit   .   b - +0 scale mail
rPois   .          Reflect  .   (helmet restricted)
rElec   .          Harm     .   (no cloak)
rCorr   .          Rampage  .   (no gloves)
Will    .....                   (no boots)
Stlth   ..........              (no amulet)
HPRegen 0.08/turn               (no ring)
MPRegen 0.08/turn               (no ring)

@: no status effects
A: horns 1
a: no special abilities


You were on level 1 of the Dungeon.
You visited 1 branch of the dungeon, and saw 1 of its levels.

You collected 40 gold pieces.

Inventory:

Hand Weapons
 a - a +0 war axe (weapon)
Armour
 b - a +0 scale mail (worn)
 c - a +0 buckler (worn)
Jewellery
 e - a +6 ring of dexterity
 f - a ring of fire
Potions
 d - a potion of might


   Skills:
 + Level 3.1 Fighting
 * Level 2.2 Axes
 + Level 2.8 Armour
 + Level 2.8 Shields


You had one spell level left.
You didn't know any spells.
Your spell library was empty.

Dungeon Overview and Level Annotations

Branches:
Dungeon (1/15)

Altars:


Innate Abilities, Weirdness & Mutations

You have a pair of small horns on your head.


Message History

There are monsters nearby!
You are too injured to fight recklessly!
Unknown command.
There are monsters nearby!
You are too injured to fight recklessly!
Unknown command.
There are monsters nearby!
You are too injured to fight recklessly!
Unknown command.
You are too injured to fight recklessly!
There are monsters nearby!
Unknown command.
The bat hits you but does no damage.
The jackal bites you but does no damage.
The ball python bites you but does no damage.
The ball python misses you. The bat hits you but does no damage.
The jackal bites you but does no damage.
The bat hits you but does no damage. You block the jackal's attack.
You block the ball python's attack. x2
You see here a ring of poison resistance.
The bat barely misses you. The bat hits you but does no damage.
The bat barely misses you. You block the bat's attack.
The bat hits you but does no damage. x2
As you read the scroll labelled QEREPE ZOOKKOARGH, it crumbles to dust.
The creatures around you are filled with an inner flame!
It was a scroll of immolation.
The bat barely misses you. The bat hits you but does no damage.
Okay, then.
The bat hits you.
* * * LOW HITPOINT WARNING * * *
The bat closely misses you. The bat hits you but does no damage.
The bat hits you but does no damage. The bat completely misses you.
You slash the bat! You closely miss the ball python.
The bat explodes!
The fiery explosion engulfs you!!
Ouch! That really hurt!
You die...

....##.......##.........###.#.###
............###.###............##
......†)...## #.# #.#.#.###.##.##
#........#.####.###.#.....#.##.'.
##.......#......)...###.#.#.#####
#......#######.##### #.#.#.# #
#.....#8## #.# #.#.#.#
##††....#.## #.#######.#.#.#
#.....=..#.####S@§.(..#.#.#.#
............h.r..####.#.#.#.#
.........#.#####.# #.#.#.#.#
....##..#.## #.# ##.#.#.#.#
....#..#.#######.###........#
......#.## #.............#..#
......## #.#######.....#...#
...... #.# ##..#####... ####. #.#
#... .###


You could see a quokka (inner flame), a jackal (inner flame) and a ball python
(inner flame).

Vanquished Creatures
  2 goblins (D:1)
  6 jackals (D:1)
  2 ball pythons (D:1)
  2 bats (D:1)
  A kobold (D:1)
13 creatures vanquished.

Notes
Turn   | Place    | Note
-------+----------+-------------------------------------------
     0 | D:1      | Sin92 the Demonspawn Fighter began the quest for the Orb.
     0 | D:1      | Reached XP level 1. HP: 18/18 MP: 1/1
   280 | D:1      | Gained mutation: You have a pair of small horns on your
                  | head. [demonic ancestry]
   280 | D:1      | Reached XP level 2. HP: 22/24 MP: 2/2
   300 | D:1      | Killed by an exploding bat... ignited by their inner flame

Illustrated notes

Levels and vault maps discovered:
D:1:      roderic_crop_circles_arrival_small, layout_loops_ring,
          dk_noncrumbling_2, kennysheep_decorative_pillar,
          minmay_misc_feat_nine_boxes, patterned_corridor

Skill      XL: |  1 |
---------------+----+-----
Axes           | 2 |  2.2
Fighting       | |  3.1
Armour         | |  2.8
Shields        | |  2.8

Action                   || total
-------------------------++-------
Melee: War axe           ||    19
  Use: Scroll            ||     1
Armor: Scale mail        ||    31
Dodge: Dodged            ||    24
Block: Buckler           ||    12
